 Dungeon Crawl Stone Soup version 0.30-a0-765-g3161bf10a1 (webtiles) character file.

Game seed: 11118813703420860053

42128 Querens the Imperceptible (level 13, -6/55 HPs)
             Began as a Spriggan Enchanter on Feb 12, 2023.
             Was a High Priest of Wu Jian.
             Blown up by an eye of devastation (32 damage)
             ... with a bolt of energy
             ... in a Gauntlet.
             The game lasted 01:15:41 (13372 turns).

Querens the Imperceptible (Spriggan Enchanter)     Turns: 13372, Time: 01:15:42

Health: -6/55      AC:  7    Str: 10    XL:     13   Next: 83%
Magic:  32/32      EV: 17    Int: 13    God:    Wu Jian [*****.]
Gold:   388        SH:  8    Dex: 20    Spells: 26/40 levels left

rFire   + . .      SeeInvis +    Q - +4 dagger (chaos)
rCold   . . .      Faith    .    T - +2 buckler
rNeg    . . .      Spirit   .    H - +0 steam dragon scales
rPois   .          Reflect  .    (helmet restricted)
rElec   .          Harm     .    v - +1 cloak "Vydih" {rF+ Regen+ Int-4}
rCorr   .          Rampage  .    (gloves unavailable)
Will    ++...      NoTele   +    (boots unavailable)
Stlth   ++++++++                 d - amulet of magic regeneration
HPRegen 1.09/turn                s - +6 ring of strength
MPRegen 0.63/turn                (no ring)

@: very quick
A: very small, no large weapons, unfitting armour, see invisible, speed 3
a: Renounce Religion, Wall Jump, Serpent's Lash, Heavenly Storm


You were in a Gauntlet.
You worshipped Wu Jian.
Wu Jian was extremely pleased with you.
You visited 4 branches of the dungeon, and saw 19 of its levels.
You also visited: Bailey and Gauntlet.

You collected 1725 gold pieces.
You spent 1337 gold pieces at shops.

Inventory:

Hand Weapons
 q - the +6 whip of Zefan {spect, rC+}
   (You found it in a bailey)

   rC:        It protects you from cold.
 w - the +9 spear of the Ecumenical Temple {protect, *Rage rN++ Int+3 SInv}
   (You found it on level 4 of the Dungeon)

   Int:       It affects your intelligence (+3).
   rN:        It greatly protects you from negative energy.
   SInv:      It lets you see invisible.
   *Rage:     It berserks you when you make melee attacks (+20% chance).
 F - the +1 short sword of the First Seas {vamp, rElec rCorr Str+2}
   (You found it in a bailey)

   Str:       It affects your strength (+2).
   rElec:     It insulates you from electricity.
   rCorr:     It protects you from acid and corrosion.
 Q - a +4 dagger of chaos (weapon)
Missiles
 x - 4 curare-tipped darts (quivered)
 R - a throwing net
Armour
 v - the +1 cloak "Vydih" (worn) {rF+ Regen+ Int-4}
   (You acquired it on level 1 of the Lair of Beasts)

   Int:       It affects your intelligence (-4).
   rF:        It protects you from fire.
   Regen:     It increases your rate of health regeneration.
 H - +0 steam dragon scales (worn)
 J - a +0 troll leather armour
 S - a +2 cloak of poison resistance
 T - a +2 buckler (worn)
 U - a scarf of resistance
Magical Staves
 f - a staff of cold
Jewellery
 d - an amulet of magic regeneration (around neck)
 s - a +6 ring of strength (left hand)
 V - a ring of fire
 Y - a +6 ring of intelligence
Wands
 a - a wand of paralysis (15)
 y - a wand of flame (17)
 K - a wand of quicksilver (10)
 L - a wand of iceblast (12)
 N - a wand of polymorph (3)
Scrolls
 h - 4 scrolls of immolation
 i - 8 scrolls of teleportation
 j - 3 scrolls of fog
 k - 5 scrolls of magic mapping
 n - 3 scrolls of enchant armour
 u - 5 scrolls of enchant weapon
 B - a scroll of fear
 D - 2 scrolls of blinking
 G - 5 scrolls of amnesia
 I - 3 scrolls of brand weapon
 O - 3 scrolls of poison
 W - a scroll of identify
 X - a scroll of silence {unknown}
Potions
 c - a potion of invisibility
 e - a potion of might
 g - 2 potions of resistance
 l - 3 potions of mutation
 m - 8 potions of curing
 o - 3 potions of lignification
 p - a potion of heal wounds
 r - a potion of berserk rage
 t - a potion of haste
 z - 2 potions of attraction
 A - 5 potions of flight
 C - a potion of ambrosia
 E - a potion of cancellation
 M - 3 potions of brilliance
 P - a potion of magic
Miscellaneous
 b - a box of beasts


   Skills:
 - Level 10.0 Short Blades
 - Level 2.6 Dodging
 + Level 22.5 Stealth
 - Level 4.0 Shields
 - Level 14.0 Spellcasting
 - Level 14.0 Hexes


You had 26 spell levels left.
You knew the following spells:

 Your Spells              Type           Power      Damage    Failure   Level
a - Ensorcelled Hibernat  Hex/Ice        54%        N/A       1%          2
b - Confusing Touch       Hex            45%        N/A       1%          3
c - Dazzling Flash        Conj/Hex       54%        N/A       2%          3
d - Tukima's Dance        Hex            45%        N/A       1%          3
e - Beastly Appendage     Tmut           18%        N/A       14%         1
f - Wereblood             Tmut           9%         N/A       22%         2

Your spell library contained the following spells:

 Spells                   Type           Power      Damage    Failure   Level
 Slow                     Hex            100%       N/A       1%          1
 Anguish                  Hex/Necr       13%        N/A       9%          4
 Shock                    Conj/Air       36%        1d5       14%         1
 Passwall                 Tmut/Erth      7%         N/A       22%         2
 Ignite Poison            Fire/Tmut/Pois 9%         N/A       41%         3
 Spider Form              Tmut/Pois      9%         N/A       41%         3
 Swiftness                Air            9%         N/A       41%         3
 Vampiric Draining        Necr           9%         2d6       41%         3
 Airstrike                Air            4%         2d(1-17)  82%         4
 Animate Dead             Necr           9%         N/A       82%         4
 Sticky Flame             Conj/Fire      9%         2d3       82%         4
 Borgnjor's Vile Clutch   Necr/Erth      4%         N/A       99%         5
 Irradiate                Conj/Tmut      4%         3d13      99%         5
 Death Channel            Necr           4%         N/A       100%        6
 Dragon Form              Tmut           4%         N/A       100%        7
 Ignition                 Fire           4%         3d4       100%        8


Dungeon Overview and Level Annotations

Branches:
Dungeon (11/15)            Temple (1/1) D:4            Lair (5/5) D:11
  Swamp (0/4) Lair:2       Spider (0/4) Lair:2          Orc (2/2) D:10
    Elf (0/3) Orc:2        Bailey (visited)         Gauntlet (1/1)
  Slime: Lair:4-5

Altars:
Ashenzari
Cheibriados
Dithmenos
Elyvilon
Fedhas
Gozag
Hepliaklqana
Kikubaaqudgha
Makhleb
Nemelex Xobeh
Okawaru
Qazlal
Ru
Sif Muna
Trog
Uskayaw
Vehumet
Wu Jian
Xom
Yredelemnul
Zin
The Shining One

Shops:
D:3 *   D:6 *   D:10 *   Orc:2 [!?=?

Annotations:
Gauntlet 11 transporters, 3 runed translucent doors, exclusion: ice statue


Innate Abilities, Weirdness & Mutations

You are very small and have problems with some larger weapons.
You are too small for most types of armour.
You have supernaturally acute eyesight. (SInv)
You cover ground extremely quickly. (Speed+++)


Message History

Press: ? - help, Shift-Dir - straight line, f/p - floating eye
Aim: a floating eye (chance to affect: 67%)
The floating eye looks drowsy...
The helpless floating eye fails to defend itself.
You skewer the floating eye like a kebab!!!!!
You kill the floating eye!
The Council accepts your kill. The eye of devastation gazes at you.
The bolt of energy hits the plant!!
The plant begins to die.
The bolt of energy hits the plant!!
The plant begins to die.
The bolt of energy hits you!!
The bolt of energy hits the plant!!!
The plant begins to die.
The raiju barks!
The eye of devastation gazes at you.
The bolt of energy hits the plant!!
The bolt of energy hits the plant!!!
The bolt of energy hits the plant!!
The plant begins to die.
The bolt of energy hits the plant!!
The plant begins to die.
The bolt of energy misses you.
You see here a scroll labelled PICASUCKET.
X - a scroll labelled PICASUCKET A nearby plant withers and dies. x2
The eye of devastation gazes at you.
The bolt of energy hits the plant!!!
The plant begins to die.
The bolt of energy hits the plant!!
The plant begins to die.
The bolt of energy misses you.
There is a transporter here.
A nearby plant withers and dies.
You see here a +6 ring of intelligence.
Y - a +6 ring of intelligence A nearby plant withers and dies.
The eye of devastation gazes at you.
The bolt of energy hits the plant!!
The plant begins to die.
The bolt of energy hits the plant!!!
The plant begins to die.
The bolt of energy hits the plant!!!
The plant begins to die.
The bolt of energy hits you!
A nearby plant withers and dies. x2
The eye of devastation gazes at you.
The bolt of energy hits the plant!!
The bolt of energy hits you!!
Ouch! That really hurt!
You die...

.#########..#..##.##..#..≈#
....#©#.....#..#####..#..##
....#©#.....#.#.....#.#..≈#
.#########..#..Dh.....#..##
.#..#©#..#..###########..≈#
.#[)#.#..#......#©#......##
.###+++.8#......#©#......≈#
.#....#..#..###########..##
.#.##.#.k#..#...@©....#..≈#
.#.##.#..#..#.PP......#..##
.#...©#.k#..#.P#PP.#..#..§#
.#########..#...P.....#..##
...§§©......#....©....#..≈#
....§.....∩.#.P.....P.#..##
#≈#§#≈#≈#≈..#.P#PPG#P.#..§#
##########..#..PP..PP.#..##
#§..#.........#..≈#


You could see an eye of devastation, a raiju and a steam dragon.

Vanquished Creatures
  Rupert (Lair:3)
  Kirke (Lair:3)
  3 hydras
  A ghost crab (Lair:2)
  Erica (Lair:2)
  A boulder beetle (D:11)
  5 two-headed ogres
  3 orc high priests (Orc:2)
  Urug (Lair:3)
  5 orc knights (Orc:2)
  4 orc sorcerers (Orc:2)
  An ugly thing (D:11)
  A cyclops (Orc:2)
  A spectral skyshark (Lair:2)
  14 elephants
  4 black mambas
  2 cane toads
  Maggie (D:9)
  Psyche (D:11)
  3 rime drakes
  2 burning bushes (Lair:3)
  2 polar bears
  2 trolls
  6 blink frogs
  A spectral elephant (Lair:2)
  Prince Ribbit (D:9)
  Sigmund (D:4)
  A wraith (D:10)
  A jumping spider (Lair:2)
  3 shadows
  A spriggan (Bailey)
  22 yaks
  4 wyverns
  A hog (Lair:3)
  3 steam dragons
  A spectral cane toad (Lair:2)
  An acid dragon (D:9)
  15 water moccasins
  2 floating eyes (Gauntlet)
  A spectral yak (Lair:2)
  17 orc warriors
  A sky beast (D:6)
  2 ice beasts
  10 ogres
  3 centaurs (D:9)
  11 wolves
  A phantom (D:5)
  5 kobold brigands (D:4)
  12 bullfrogs
  A necrophage (D:5)
  7 scorpions
  2 gnoll sergeants
  2 wights (D:7)
  8 killer bees
  14 orc priests
  A jelly (D:6)
  2 hounds (D:5)
  2 gnoll boudas
  Jessica (D:3)
  4 iguanas
  5 hell rats (Lair:5)
  24 orc wizards
  24 gnolls
  8 adders
  A worm (D:2)
  2 dart slugs
  46 orcs
  8 ball pythons
  6 endoplasms
  3 giant cockroaches
  11 goblins
  7 hobgoblins
  5 quokkas
  7 bats
  5 frilled lizards
  38 kobolds
  8 rats
439 creatures vanquished.

Vanquished Creatures (collateral kills)
  A spriggan (Bailey)
  3 ogres (Bailey)
  2 wights (D:7)
6 creatures vanquished.

Vanquished Creatures (others)
  A human (Lair:3)
  5 dancing weapons
  A water moccasin (Lair:3)
  2 bullfrogs (Lair:3)
  13 fungi
  24 plants
46 creatures vanquished.

Grand Total: 491 creatures vanquished

Notes
Turn   | Place    | Note
-------+----------+-------------------------------------------
     0 | D:1      | Querens the Spriggan Enchanter began the quest for the Orb.
     0 | D:1      | Reached XP level 1. HP: 9/9 MP: 5/5
   319 | D:1      | Reached XP level 2. HP: 12/13 MP: 6/6
   343 | D:1      | Learned a level 2 spell: Ensorcelled Hibernation
   575 | D:1      | Reached skill level 5 in Stealth
   704 | D:2      | Reached XP level 3. HP: 16/16 MP: 8/8
  1127 | D:3      | Reached XP level 4. HP: 14/21 MP: 4/10
  1259 | D:3      | Found Nacesiod's General Store.
  1300 | D:3      | Bought a potion of heal wounds for 55 gold pieces
  1300 | D:3      | Bought a scroll of noise for 11 gold pieces
  1300 | D:3      | Bought a potion of berserk rage for 55 gold pieces
  1319 | D:3      | Noticed Jessica
  1408 | D:3      | Killed Jessica
  1409 | D:3      | Reached XP level 5. HP: 24/24 MP: 11/11
  1472 | D:4      | Reached skill level 6 in Stealth
  1472 | D:4      | Reached skill level 5 in Hexes
  1475 | D:4      | Found an iron altar of Okawaru.
  1585 | D:4      | Reached XP level 6. HP: 28/28 MP: 13/13
  1588 | D:4      | Found a staircase to the Ecumenical Temple.
  1599 | D:4      | Identified the +9 spear of the Ecumenical Temple {protect,
                  | *Rage rN++ Int+3 SInv}
  1622 | Temple   | Entered the Ecumenical Temple
  1837 | D:4      | Noticed Sigmund
  1843 | D:4      | Killed Sigmund
  1844 | D:4      | Reached skill level 7 in Stealth
  1883 | D:4      | Reached skill level 5 in Spellcasting
  1899 | D:4      | Reached XP level 7. HP: 13/32 MP: 15/15
  2354 | D:4      | Reached skill level 8 in Stealth
  2416 | D:4      | Reached skill level 5 in Short Blades
  2543 | D:4      | Reached XP level 8. HP: 25/36 MP: 13/18
  2899 | D:5      | Entered Level 5 of the Dungeon
  3064 | D:5      | Reached skill level 9 in Stealth
  3167 | D:5      | Learned a level 3 spell: Confusing Touch
  3479 | D:5      | Found an ancient bone altar of Kikubaaqudgha.
  3934 | D:5      | Reached skill level 10 in Stealth
  4267 | D:6      | Found a hide-covered altar of Uskayaw.
  4267 | D:6      | Found a stormy altar of Qazlal.
  4322 | D:6      | Reached XP level 9. HP: 30/39 MP: 15/21
  4396 | D:6      | Found Jocunk's Gadget Gallery.
  5015 | D:7      | Learned a level 3 spell: Dazzling Flash
  5019 | D:7      | Learned a level 3 spell: Tukima's Dance
  5858 | D:8      | Reached skill level 1 in Shields
  5892 | D:8      | Reached skill level 11 in Stealth
  6268 | D:8      | Found a flagged portal.
  6299 | Bailey   | Entered a bailey
  6421 | Bailey   | Noticed a two-headed ogre
  6459 | Bailey   | Killed a two-headed ogre
  6460 | Bailey   | Reached XP level 10. HP: 33/44 MP: 8/24
  6471 | Bailey   | Identified the +6 whip of Zefan {spect, rC+}
  6502 | Bailey   | Reached skill level 12 in Stealth
  6557 | Bailey   | Identified the +1 short sword of the First Seas {vamp,
                  | rElec rCorr Str+2}
  6886 | D:9      | Noticed a two-headed ogre
  6888 | D:9      | Killed a two-headed ogre
  6889 | D:9      | Noticed Prince Ribbit
  6911 | D:9      | Killed Prince Ribbit
  6933 | D:9      | Reached skill level 10 in Hexes
  7100 | D:9      | Reached skill level 13 in Stealth
  7125 | D:9      | Noticed Maggie
  7133 | D:9      | Killed Maggie
  7134 | D:9      | Reached skill level 10 in Spellcasting
  7271 | D:9      | Noticed a two-headed ogre
  7274 | D:9      | Killed a two-headed ogre
  7275 | D:9      | Reached XP level 11. HP: 47/47 MP: 26/26
  7297 | D:9      | Found an ornate altar of the Wu Jian Council.
  7311 | D:9      | Became a worshipper of the Wu Jian Council
  7506 | D:10     | Entered Level 10 of the Dungeon
  7714 | D:10     | Noticed a two-headed ogre
  7720 | D:10     | Killed a two-headed ogre
  7806 | D:10     | Found a staircase to the Orcish Mines.
  7907 | D:10     | Found Pommuelo's Assorted Antiques.
  7913 | D:10     | Bought a scroll labelled QEWNENWAIW for 26 gold pieces
  7913 | D:10     | Bought a scroll of identify for 52 gold pieces
  8240 | D:11     | Noticed Psyche
  8240 | D:11     | Noticed a boulder beetle
  8245 | D:11     | Killed Psyche
  8249 | D:11     | Killed a boulder beetle
  8250 | D:11     | Reached skill level 14 in Stealth
  8295 | D:11     | Reached * piety under Wu Jian
  8502 | D:11     | Noticed a brown ugly thing
  8505 | D:11     | Killed a brown ugly thing
  8509 | D:11     | Found a staircase to the Lair.
  8568 | D:11     | Reached skill level 10 in Short Blades
  8659 | Orc:1    | Entered Level 1 of the Orcish Mines
  8838 | Orc:2    | Entered Level 2 of the Orcish Mines
  8847 | Orc:2    | Found Azir's Antique Armour Emporium.
  8904 | Orc:2    | Reached ** piety under Wu Jian
  8956 | Orc:2    | Bought an embroidered cloak for 187 gold pieces
  8956 | Orc:2    | Bought a glowing buckler for 187 gold pieces
  9060 | Orc:2    | Noticed an orc knight
  9121 | Orc:2    | Killed an orc knight
  9279 | Orc:2    | Reached skill level 15 in Stealth
  9326 | Orc:2    | Found a staircase to the Elven Halls.
  9379 | Orc:2    | Found Nyusojia's Magic Scroll Shop.
  9381 | Orc:2    | Noticed an orc knight
  9381 | Orc:2    | Noticed an orc knight
  9387 | Orc:2    | Noticed an orc sorcerer
  9392 | Orc:2    | Noticed an orc sorcerer
  9411 | Orc:2    | Killed an orc sorcerer
  9412 | Orc:2    | Reached XP level 12. HP: 26/51 MP: 25/28
  9426 | Orc:2    | Found Zycutt's Jewellery Emporium.
  9426 | Orc:2    | Noticed an orc high priest
  9585 | Orc:1    | Noticed a two-headed ogre
  9602 | Orc:2    | Killed a two-headed ogre
  9671 | Orc:1    | Found a burning altar of Makhleb.
  9839 | Orc:2    | Killed an orc high priest
  9912 | Orc:2    | Reached skill level 16 in Stealth
  9956 | Orc:2    | Reached *** piety under Wu Jian
 10060 | Orc:2    | Noticed an orc high priest
 10072 | Orc:2    | Found Xeutwe's Distillery.
 10079 | Orc:2    | Noticed an orc high priest
 10202 | Orc:2    | Killed an orc high priest
 10233 | Orc:2    | Found Ricamed's Magic Scroll Emporium.
 10272 | Orc:2    | Killed an orc high priest
 10279 | Orc:2    | Bought a potion of degeneration for 13 gold pieces
 10279 | Orc:2    | Bought a potion of heal wounds for 65 gold pieces
 10307 | Orc:2    | Bought a scroll of identify for 26 gold pieces
 10307 | Orc:2    | Bought a scroll of poison for 52 gold pieces
 10317 | Orc:2    | Bought a scroll of fear for 52 gold pieces
 10317 | Orc:2    | Bought a scroll of identify for 26 gold pieces
 10317 | Orc:2    | Bought a scroll of identify for 26 gold pieces
 10317 | Orc:2    | Bought a scroll of identify for 26 gold pieces
 10319 | Orc:2    | Bought a potion of brilliance for 52 gold pieces
 10319 | Orc:2    | Bought a potion of cancellation for 104 gold pieces
 10319 | Orc:2    | Bought a potion of curing for 39 gold pieces
 10319 | Orc:2    | Bought a potion of flight for 39 gold pieces
 10319 | Orc:2    | Bought 2 potions of curing for 78 gold pieces
 10319 | Orc:2    | Bought a potion of lignification for 39 gold pieces
 10319 | Orc:2    | Bought a potion of curing for 39 gold pieces
 10562 | D:3      | Bought a potion of magic for 88 gold pieces
 10753 | Lair:1   | Entered Level 1 of the Lair of Beasts
 10757 | Lair:1   | Identified 2 scrolls of acquirement
 10759 | Lair:1   | Acquired a book of Changes
 10761 | Lair:1   | Acquired the +1 cloak "Vydih" {rF+ Regen+ Int-4}
 11308 | Lair:2   | Found a hole to the Spider Nest.
 11336 | Lair:2   | Reached skill level 17 in Stealth
 11546 | Lair:2   | Found a staircase to the Swamp.
 11546 | Lair:2   | Noticed a ghost crab
 11553 | Lair:2   | Killed a ghost crab
 11713 | Lair:2   | Reached XP level 13. HP: 37/55 MP: 29/31
 11800 | Lair:2   | Noticed Erica
 11806 | Lair:2   | Killed Erica
 11819 | Lair:2   | Reached skill level 18 in Stealth
 12088 | Lair:3   | Noticed Kirke
 12090 | Lair:3   | Killed Kirke
 12090 | Lair:3   | Reached **** piety under Wu Jian
 12096 | Lair:3   | Reached skill level 19 in Stealth
 12118 | Lair:3   | Got the Lessons on the Gestalt
 12122 | Lair:3   | Learned a level 1 spell: Beastly Appendage
 12125 | Lair:3   | Learned a level 2 spell: Wereblood
 12160 | Lair:3   | Noticed Rupert
 12168 | Lair:3   | Killed Rupert
 12256 | Lair:3   | Reached skill level 20 in Stealth
 12522 | Lair:3   | Reached skill level 21 in Stealth
 12770 | Lair:3   | Noticed Urug
 12801 | Lair:3   | Killed Urug
 12941 | Lair:5   | Entered Level 5 of the Lair of Beasts
 12963 | Lair:5   | Reached ***** piety under Wu Jian
 13050 | Lair:5   | Found a gate leading to a gauntlet.
 13072 | Lair:5   | Found a sacrificial altar of Ru.
 13078 | Lair:5   | Reached skill level 22 in Stealth
 13141 | Gauntlet | Entered a Gauntlet
 13141 | Gauntlet | Found a transporter.
 13141 | Gauntlet | Found a transporter.
 13141 | Gauntlet | Found a transporter.
 13141 | Gauntlet | Found a runed translucent gate.
 13141 | Gauntlet | Found a runed translucent gate.
 13141 | Gauntlet | Found a runed translucent gate.
 13142 | Gauntlet | Found a transporter.
 13143 | Gauntlet | Found a transporter.
 13146 | Gauntlet | Found a transporter.
 13160 | Gauntlet | Found a transporter.
 13160 | Gauntlet | Found a transporter.
 13161 | Gauntlet | Found a transporter.
 13163 | Gauntlet | Found a transporter.
 13177 | Gauntlet | Found a transporter.
 13177 | Gauntlet | Found a transporter.
 13177 | Gauntlet | Found the +3 pair of mountain boots {steadfast, rC+}
 13178 | Gauntlet | Noticed a reaper
 13349 | Gauntlet | Paralysed by a floating eye for 2 turns
 13355 | Gauntlet | Paralysed by a floating eye for 2 turns
 13372 | Gauntlet | Blown up by an eye of devastation

Illustrated notes

Levels and vault maps discovered:
D:1:      dpeg_arrival_castle, layout_loops_cross,
          amcnicky_mini_corridor_feature
D:2:      layout_basic, hex_medium
D:3:      layout_rooms, serial_shops, shop_fountains, uniq_jessica
D:4:      minmay_goblin_kobold_castle, layout_loops_cross, okawaru_gym_becter,
          minmay_temple_entry_stoned_glass, uniq_sigmund
D:5:      layout_basic, nicolae_kikubaaqudgha_miasma_corner
D:6:      layout_layer_cave, gammafunk_temple_overflow_elements,
          corexii_item_surrounded_by_moat, nicolae_shop_gadgets
D:7:      layout_basic
D:8:      layout_basic, serial_co_window_serial, co_window_paths_a,
          co_window_paths_a, co_window_corner_a, co_window_paths_b,
          co_window_paths_a, co_window_broadway_a, co_window_broadway_a,
          co_window_cross_4, co_window_unsneaky_path_b, co_window_2corner,
          co_window_4corner_b, co_window_paths_d, glass_columns_a,
          glass_columns_a, enter_bailey_5, chequers_serial_rivers_micro_e,
          nicolae_grassy_gnolls
D:9:      layout_roguey, nicolae_wu_jian_immortal_techniques,
          uniq_prince_ribbit1, uniq_maggie
D:10:     layout_long_grid, orc_0_dummy, serial_shops, nicolae_square_shop
D:11:     layout_roguey, lair_entry_dummy, glass_columns_a, uniq_psyche
Temple:   minmay_temple_bridge_d
Lair:1:   layout_hall_layers
Lair:2:   layout_regular_city, nicolae_swamp_entry_spooky,
          spider_nest_entry_rubble, uniq_erica
Lair:3:   layout_long_grid, evilmike_ambush [evilmike_ambush_outer_basic,
          evilmike_ambush_inner_pond], serial_bayou_shore_b,
          infiniplex_staircase_pool_2, grunt_megastairs_2, uniq_urug,
          uniq_kirke, uniq_rupert
Lair:4:   dreamdust_isle_of_ice, layout_gridlike,
          eino_small_chamber_without_monster, minmay_holes
Lair:5:   due_jungle_book, layout_cave_pods, slime_entry_1,
          gauntlet_entry_generic, basic_altar
Orc:1:    layout_caves, bloody_makhleb
Orc:2:    st_orc_elflike, layout_diamond_mine, serial_shops,
          nicolae_shop_hallway_plus
Gauntlet: minmay_gauntlet_mixed_big_or_small [gammafunk_gauntlet_arena_hedges,
          minmay_gauntlet_arena_77_run_for_it, nicolae_gauntlet_arena_blocks,
          minmay_gauntlet_arena_77_tiled_triplets,
          gammafunk_gauntlet_arena_grid, minmay_gauntlet_arena_77_braids,
          gauntlet_exit_watery]

Skill      XL: |  1  2  3  4  5  6  7  8  9 10 11 12 13 |
---------------+----------------------------------------+-----
Spellcasting   | 3 4 5 6 7 9 10 11 13 14 | 14.0
Hexes          | 4 5 6 8 9 10 12 14 | 14.0
Stealth        | 5 6 7 8 10 11 13 15 17 22 | 22.5
Short Blades   | 2 3 4 5 6 7 9 10 | 10.0
Shields        | 2 3 4 |  4.0
Dodging        | |  2.6

Action                     |  1- 3 |  4- 6 |  7- 9 | 10-12 | 13-15 || total
---------------------------+-------+-------+-------+-------+-------++-------
  Melee: Dagger            |   136 |    93 |   347 |    87 |    65 ||   728
         Punch             |       |     1 |     4 |       |       ||     5
         Short sword       |       |       |       |   547 |   108 ||   655
   Cast: Ensorcelled Hiber |     7 |     5 |    89 |   136 |    73 ||   310
         Confusing Touch   |       |       |     7 |    18 |    14 ||    39
         Tukima's Dance    |       |       |    26 |     8 |     1 ||    35
         Dazzling Flash    |       |       |       |     3 |       ||     3
Ability: Lunge             |       |       |       |    58 |    26 ||    84
         Whirlwind         |       |       |       |    32 |    20 ||    52
    Use: Potion            |       |     1 |     1 |     5 |     2 ||     9
         Scroll            |       |       |     8 |    12 |       ||    20
   Stab: Sleeping          |    20 |     9 |    75 |   113 |    53 ||   270
         Confused          |       |       |     5 |    14 |    17 ||    36
         Invisible         |       |       |       |    27 |       ||    27
         Held in net/web   |       |       |       |     2 |       ||     2
         Distracted        |       |       |       |     1 |       ||     1
 Armour: Robe              |    13 |     8 |    23 |     1 |       ||    45
         Steam dragon scal |       |       |       |    56 |    25 ||    81
  Dodge: Dodged            |    98 |    65 |   209 |   239 |   109 ||   720
  Block: Buckler           |       |       |    15 |   126 |    57 ||   198

Table legend: (Time is in decaauts)
 A = Elapsed time spent in this place.
 B = Non-inter-level travel time spent in this place.
 C = Inter-level travel time spent in this place.
 D = Time resting spent in this place.
 E = Time spent auto-exploring this place.
 F = Levels seen in this place.
 G = Mean time per level.
                   A        B        C        D        E       F      G
               +--------+--------+--------+--------+--------+-----+--------+
         Total |   8721 |   7927 |    794 |    230 |     42 |  21 |  415.3 |
       Dungeon |   5591 |   4981 |    610 |    138 |      0 |  11 |  508.3 |
        Temple |     97 |     57 |     40 |      0 |     42 |   1 |   97.0 |
          Lair |   1534 |   1482 |     52 |     11 |      0 |   5 |  306.8 |
  Orcish Mines |   1133 |   1042 |     91 |     76 |      0 |   2 |  566.5 |
        Bailey |    221 |    221 |      0 |      3 |      0 |   1 |  221.0 |
      Gauntlet |    142 |    142 |      0 |      0 |      0 |   1 |  142.0 |
               +--------+--------+--------+--------+--------+-----+--------+

Top non-repeatable levels by time:
   Orc:2: 941 daAuts
     D:4: 877 daAuts
     D:5: 856 daAuts
     D:8: 581 daAuts
  Lair:2: 513 daAuts
     D:6: 493 daAuts
     D:7: 491 daAuts
  Lair:3: 487 daAuts
     D:9: 480 daAuts
    D:10: 473 daAuts
     D:1: 409 daAuts
  Lair:1: 333 daAuts
     D:2: 317 daAuts
    D:11: 311 daAuts
     D:3: 299 daAuts
